 Dungeon Crawl Stone Soup version 0.25-a0-1136-gc1285e62ab (webtiles) character file.

Game seed: 5820163005242487842, levelgen mode: deterministic

220 Mrkan the Ruffian (level 5, -3/54 HPs)
             Began as a Troll Monk on May 23, 2020.
             Was a Priest of Yredelemnul.
             Killed by nerve-wracking pain
             ... invoked by an orc priest
              (14 damage)
             ... on level 4 of the Dungeon.
             The game lasted 00:06:20 (2250 turns).

Mrkan the Ruffian (Troll Monk)                      Turns: 2250, Time: 00:06:22

Health: -3/54      AC:  6    Str: 20    XL:     5   Next: 64%
Magic:  4/4        EV: 10    Int:  6    God:    Yredelemnul [***...]
Gold:   195        SH:  0    Dex: 12    Spells: 4/4 levels left

rFire    . . .     SeeInvis .     - Unarmed
rCold    . . .     Gourm    +   (no shield)
rNeg     . . .     Faith    .   a - +0 robe
rPois    .         Spirit   .   (helmet restricted)
rElec    .         Reflect  .   (no cloak)
rCorr    .         Harm     .   (gloves unavailable)
MR       .....                  (boots unavailable)
Stlth    ++........             (no amulet)
HPRegen  0.58/turn              (no ring)
MPRegen  0.09/turn              (no ring)

@: no status effects
A: large, unfitting armour, claws 3, fast metabolism 3, gourmand, regeneration
1, shaggy fur 1, tough skin 3
a: Recall Undead Slaves, Injury Mirror, Animate Dead, Renounce Religion


You were on level 4 of the Dungeon.
You worshipped Yredelemnul.
Yredelemnul was most pleased with you.
You were completely stuffed.

You visited 1 branch of the dungeon, and saw 4 of its levels.

You collected 195 gold pieces.

Inventory:

Missiles
 c - 66 stones (quivered)
 n - 10 curare-tipped darts
Armour
 a - a +0 robe (worn)
 q - a +0 cloak
Jewellery
 f - an uncursed ring of fire {unknown}
Scrolls
 e - a scroll of enchant armour {unknown}
 g - 4 scrolls of identify {unknown}
 h - 3 scrolls of fear {unknown}
 j - 2 scrolls of teleportation {unknown}
 p - a scroll of noise {unknown}
Potions
 d - 2 potions of berserk rage {unknown}
 i - a potion of curing {unknown}
 k - 2 potions of might {unknown}
 l - a potion of cancellation {unknown}
 o - a potion of heal wounds {unknown}
Comestibles
 b - 10 rations
 m - 2 chunks of flesh


   Skills:
 - Level 4.0 Fighting
 - Level 2.4 Dodging
 - Level 1.0 Stealth
 * Level 5.1 Unarmed Combat


You had 4 spell levels left.
You didn't know any spells.
Your spell library was empty.

Dungeon Overview and Level Annotations

Branches:
Dungeon (4/15)             Temple (0/1) D:4

Altars:
Okawaru
Yredelemnul

Shops:
D:4 *

Annotations:
D:4 Ijyb


Innate Abilities, Weirdness & Mutations

You are too large for most types of armour.
You have claws for hands.
Your metabolism is lightning-fast.
You like to eat raw meat.
Your natural rate of healing is unusually fast.
You are covered in fur. (AC +1)
You have extremely tough skin. (AC +3)


Message History

You scratch the orc wizard.
You kill the orc wizard!
Yredelemnul accepts your kill.
Your Unarmed Combat skill increases to level 5!
Ijyb barely misses you.
The orc priest hits you but does no damage.
The orc barely misses you.
You claw the orc priest!
The orc priest is heavily wounded.
Ijyb hits you but does no damage.
The orc priest mumbles some strange prayers to Beogh against you.
Beogh smites you!
* * * LOW HITPOINT WARNING * * *
You barely miss the orc priest.
The orc priest is heavily wounded.
The orc barely misses you. Ijyb hits you but does no damage.
The orc priest invokes the aid of Beogh against you.
Pain shoots through your body!
You die...
Your body rises from the dead as a mindless zombie.

#.....รท###.#
#.....).##'###
######.......#
#.......#
#.......#
#.......#
#.......#
#...o...#####
#....@o......
#....>g.#####
###...o....
#..#.#.#.# #..
....... #..
....... #(.
....... #..
...>...


You could see Ijyb, an orc priest and 2 orcs.

Vanquished Creatures
  An orc priest (D:3)
  An orc wizard (D:4)
  9 adders
  4 dart slugs
  A leopard gecko (D:2)
  5 orcs
  2 ball pythons
  8 giant cockroaches
  7 goblins
  6 hobgoblins
  6 jackals
  4 kobolds
  9 bats
  2 frilled lizards
  7 rats
72 creatures vanquished.

Notes
Turn   | Place    | Note
-------+----------+-------------------------------------------
     0 | D:1      | Mrkan the Troll Monk began the quest for the Orb.
     0 | D:1      | Reached XP level 1. HP: 22/22 MP: 0/0
   129 | D:1      | Reached XP level 2. HP: 24/29 MP: 1/1
   566 | D:1      | Reached skill level 4 in Unarmed Combat
   767 | D:2      | Found a basalt altar of Yredelemnul.
   782 | D:2      | Became a worshipper of Yredelemnul the Dark
   782 | D:2      | Reached * piety under Yredelemnul
   782 | D:2      | Reached ** piety under Yredelemnul
   828 | D:2      | Reached XP level 3. HP: 31/36 MP: 2/2
   966 | D:2      | Found an iron altar of Okawaru.
  1005 | D:2      | Reached XP level 4. HP: 45/45 MP: 3/3
  1539 | D:3      | Reached *** piety under Yredelemnul
  1848 | D:3      | Reached XP level 5. HP: 39/54 MP: 4/4
  2188 | D:4      | Found Kaklearr's Mass Market.
  2244 | D:4      | Noticed Ijyb
  2246 | D:4      | Found a staircase to the Ecumenical Temple.
  2248 | D:4      | Reached skill level 5 in Unarmed Combat
  2250 | D:4      | Killed from afar by an orc priest

Illustrated notes

Levels and vault maps discovered:
D:1:      saegor_arrival_simple_e, layout_basic
D:2:      layout_rooms, lemuel_crystal_altar, first_ration, okawaru_gym_becter
D:3:      layout_basic
D:4:      layout_basic, bloody_trog, minmay_temple_entry_glass,
          minmay_shop_mass, uniq_ijyb

Skill      XL: |  1  2  3  4  5 |
---------------+----------------+-----
Unarmed Combat | 4 5 |  5.1
Fighting       | 3 4 |  4.0
Dodging        | |  2.4
Stealth        | |  1.0

Action                   |  1- 3 |  4- 6 || total
-------------------------+-------+-------++-------
Melee: Unarmed           |    76 |   117 ||   193
       Punch             |     2 |     2 ||     4
 Stab: Sleeping          |     4 |       ||     4
  Eat: Chunk             |    15 |    11 ||    26
Armor: Robe              |    36 |    74 ||   110
Dodge: Dodged            |    42 |    80 ||   122

Table legend:
 A = Non-vault XP
 B = Vault XP
 C = Vault XP percentage of total XP
 D = Non-vault monster count
 E = Vault monster count
 F = Vault count percentage of total count
                 A         B        C        D         E       F
            +---------+---------+-------+---------+---------+-------
      Total |     315 |       0 |   0.0 |      72 |       0 |   0.0
            +---------+---------+-------+---------+---------+-------
        D:1 |      34 |       0 |   0.0 |      18 |       0 |   0.0
        D:2 |      81 |       0 |   0.0 |      24 |       0 |   0.0
        D:3 |     135 |       0 |   0.0 |      26 |       0 |   0.0
        D:4 |      65 |       0 |   0.0 |       4 |       0 |   0.0
            +---------+---------+-------+---------+---------+-------
